 Dungeon Crawl Stone Soup version 0.21.0-3-g78d12a8 (webtiles) character file.

39 Suckerboh the Skirmisher (level 3, -2/30 HPs)
             Began as a Formicid Abyssal Knight on Jan 15, 2018.
             Was a Follower of Lugonu.
             Slain by an adder (5 damage)
             ... on level 2 of the Dungeon.
             The game lasted 00:02:19 (2068 turns).

Suckerboh the Skirmisher (Formicid Abyssal Knight)  Turns: 2068, Time: 00:02:21

Health: -2/30      AC:  4    Str: 16    XL:     3   Next: 70%
Magic:  4/4        EV: 11    Int: 11    God:    Lugonu [*.....]
Gold:   114        SH:  0    Dex: 11    Spells: 2/2 levels left

rFire    . . .     SeeInvis +   a - +1 falchion
rCold    . . .     Gourm    .   (no shield)
rNeg     . . .     Faith    .   b - +0 leather armour
rPois    .         Spirit   .   (helmet unavailable)
rElec    .         Reflect  .   g - +0 cloak
rCorr    .         Harm     .   (no gloves)
MR       .....                  (no boots)
Stlth    +.........             (no amulet)
HPRegen  0.10/turn              (no ring)
MPRegen  0.09/turn              (no ring)

@: lethally poisoned (-2 -> -9)
A: permanent stasis, dig shafts and tunnels, four strong arms, antennae 3
a: Dig, Shaft Self, Depart the Abyss, Renounce Religion


You were on level 2 of the Dungeon.
You worshipped Lugonu.
Lugonu was aware of your devotion.
You were not hungry.

You visited 1 branch of the dungeon, and saw 2 of its levels.
You visited the Abyss 1 time.

You collected 114 gold pieces.

Inventory:

Hand Weapons
 a - a +1 falchion (weapon)
Armour
 b - a +0 leather armour (worn)
 g - a +0 cloak (worn)
Scrolls
 d - 2 scrolls of magic mapping {unknown}
 e - 3 scrolls of identify {unknown}
 f - a scroll of blinking {unknown}
 h - a scroll of enchant armour {unknown}
 i - 4 scrolls of random uselessness {unknown}
 j - a scroll of fear {unknown}
 n - a scroll of teleportation {unknown}
Potions
 k - a potion of brilliance {unknown}
 l - a potion of agility {unknown}
 m - a potion of flight {unknown}
Comestibles
 c - 2 rations


   Skills:
 + Level 3.8 Fighting
 * Level 2.8 Long Blades
 + Level 2.4 Armour
 + Level 1.0 Dodging
 + Level 0.1 Stealth
 + Level 2.5 Invocations


You had 2 spell levels left.
You didn't know any spells.

Dungeon Overview and Level Annotations

Branches:
Dungeon (2/15)

Altars:
Zin

Annotations:
D:2 Sigmund


Innate Abilities, Weirdness & Mutations

You cannot be hasted, slowed, berserked, paralysed or teleported.
You can dig through walls and to a lower floor.
Your four strong arms can wield two-handed weapons with a shield.
You have a pair of large antennae on your head. (SInv)


Message History

The adder is severely wounded.
The adder closely misses you. x2; You riposte.
You hit the adder.
The adder is severely wounded.
You closely miss the adder.
The adder is severely wounded.
You feel sick. The adder barely misses you.
You closely miss the adder.
The adder is severely wounded.
The adder bites you but does no damage. The adder bites you.
You hit the adder but do no damage.
The adder is severely wounded.
The adder bites you.
* * * LOW HITPOINT WARNING * * *
You barely miss the adder.
The adder is severely wounded.
You feel sick. The adder bites you.
* * * LOW HITPOINT WARNING * * *
You are lethally poisoned!
The adder poisons you! The adder bites you.
You die...

...............@.........#
.........##########.##.#.###
.###.###.##########.##.#...#
.......#.#.................#
...........................#
.....#.#.#.##..####.##.#.###
.#####.#.#>....##.#.#รท_#.# .#
#.#.#.##..##.#.<....######## .#
#.#.#.....S@................
.#####...####...#.#.##...#...####
................(.#.####.#...#
...............#..### #.#...####
##{###..######.#..# #.'...+...
..@.....######.##.# #.#...####
...[..............# #.#...# #
##{####.###.......# #.#...# # #{#
#.# .@. #.#.).# #


You could see an adder.

Vanquished Creatures
  An adder (D:2)
  2 dart slugs (D:1)
  A leopard gecko (D:1)
  A giant cockroach (D:1)
  3 goblins (D:1)
  2 hobgoblins (D:1)
  4 jackals (D:2)
  3 kobolds (D:1)
  3 bats
  4 rats
24 creatures vanquished.

Notes
Turn   | Place    | Note
-------+----------+-------------------------------------------
     0 | Abyss:1  | Suckerboh the Formicid Abyssal Knight began the quest for the Orb.
     0 | Abyss:1  | Reached XP level 1. HP: 18/18 MP: 2/2
    51 | Abyss:1  | Noticed a fire elemental
    61 | D:1      | Escaped the Abyss
   343 | D:1      | Reached XP level 2. HP: 7/24 MP: 3/3
   843 | D:1      | Reached * piety under Lugonu
   991 | D:1      | Reached XP level 3. HP: 6/30 MP: 4/4
  1485 | D:2      | Found a glowing silver altar of Zin.
  1618 | D:2      | Noticed Sigmund
  1822 | D:2      | Reached skill level 1 in Dodging
  2068 | D:2      | Slain by an adder

Skill      XL: |  1  2  3 |
---------------+----------+-----
Dodging        | 1 |  1.0
Fighting       | |  3.8
Long Blades    | |  2.8
Armour         | |  2.4
Stealth        | |  0.1
Invocations    | |  2.5

Action                   || total
-------------------------++-------
Melee: Falchion          ||   107
Invok: Depart the Abyss  ||     1
  Eat: Chunk             ||     4
Armor: Leather armour    ||    38
Dodge: Dodged            ||    63
       Rpst.: Falchion   ||    17
